 Dungeon Crawl Stone Soup version 0.24-a0-809-g71cb82dfb8 (webtiles) character file.

Game seed: 8973291537058753889, levelgen mode: deterministic

230 Peloso the Shield-Bearer (level 5, -4/47 HPs)
             Began as a Minotaur Fighter on Oct 11, 2019.
             Slain by a gnoll
             ... wielding a +0 halberd of protection
              (6 damage)
             ... on level 2 of the Dungeon.
             The game lasted 00:04:19 (1579 turns).

Peloso the Shield-Bearer (Minotaur Fighter)         Turns: 1579, Time: 00:04:20

Health: -4/47      AC:  9    Str: 21    XL:     5   Next: 72%
Magic:  4/4        EV:  6    Int:  5    God:
Gold:   135        SH: 11    Dex: 10    Spells: 4/4 levels left

rFire    . . .     SeeInvis .   a - +0 long sword
rCold    . . .     Gourm    .   c - +1 shield
rNeg     . . .     Faith    .   l - +0 chain mail
rPois    .         Spirit   .   (helmet restricted)
rElec    .         Reflect  .   (no cloak)
rCorr    .         Harm     .   (no gloves)
MR       .....                  (no boots)
Stlth    ..........             g - amulet of inaccuracy (curse)
HPRegen  0.15/turn              (no ring)
MPRegen  0.09/turn              (no ring)

@: lethally poisoned (-4 -> -5)
A: retaliatory headbutt, horns 2
a: no special abilities


You were on level 2 of the Dungeon.
You were not hungry.

You visited 1 branch of the dungeon, and saw 2 of its levels.

You collected 135 gold pieces.

Inventory:

Hand Weapons
 a - a +0 long sword (weapon)
Armour
 b - a +0 scale mail
 c - a +1 shield (worn)
 l - a +0 chain mail (worn)
Jewellery
 g - a cursed amulet of inaccuracy (around neck)
Potions
 e - a potion of resistance {unknown}
 h - a potion of degeneration {unknown}
 i - a potion of lignification {unknown}
Comestibles
 f - 4 rations


   Skills:
 + Level 4.6 Fighting
 + Level 4.5 Long Blades
 + Level 4.7 Armour
 + Level 1.1 Dodging
 + Level 4.9 Shields


You had 4 spell levels left.
You didn't know any spells.
Your spell library was empty.

Dungeon Overview and Level Annotations

Branches:
Dungeon (2/15)

Altars:

Annotations:
D:2 Jessica, Robin


Innate Abilities, Weirdness & Mutations

You reflexively headbutt those who attack you in melee.
You have a pair of horns on your head.


Message History

The gnoll is lightly wounded.
You feel sick. The gnoll hits you but does no damage.
You are more poisoned.
The gnoll hits you with a +0 halberd of protection!
* * * LOW HITPOINT WARNING * * *
You hit the gnoll.
The gnoll is moderately wounded.
You feel sick. You block the gnoll's attack. x3
You feel sick. You block the gnoll's attack.
You see here a bat corpse.
You feel sick.
You feel sick.
You feel sick.
You feel sick.
You feel sick.
You feel sick.
You feel sick.
You feel sick.
The gnoll hits you from afar with a +0 halberd of protection.
You die...

######)<...#####
#######.(...รท.#
......)....##.####
######.######.)..# #.#
###(.# #### #.# ####.)##
####... ##.# #.....#
####....##
#(.##...8#8.########....####
#.$.###.#.#$#.@...#....####
<..K##. . #.8#8...gg.....#
##.. .# #...............# #.
## #####...........# ..
#...........# ##
##......(..## ##...#...##
#########


You could see 2 gnolls.

Vanquished Creatures
  Sigmund (D:2)
  A gnoll (D:2)
  An adder (D:2)
  A worm (D:2)
  2 dart slugs
  4 leopard geckos
  A ball python (D:1)
  9 goblins
  11 hobgoblins
  2 jackals (D:2)
  A quokka (D:2)
  6 bats
  5 frilled lizards
  10 kobolds
  7 rats
62 creatures vanquished.

Notes
Turn   | Place    | Note
-------+----------+-------------------------------------------
     0 | D:1      | Peloso the Minotaur Fighter began the quest for the Orb.
     0 | D:1      | Reached XP level 1. HP: 19/19 MP: 0/0
   182 | D:1      | Reached XP level 2. HP: 25/27 MP: 1/1
   770 | D:2      | Reached XP level 3. HP: 33/33 MP: 2/2
   804 | D:2      | Noticed Sigmund
   817 | D:2      | Killed Sigmund
   817 | D:2      | Reached XP level 4. HP: 23/41 MP: 3/3
   817 | D:2      | Reached XP level 5. HP: 26/47 MP: 4/4
   859 | D:2      | Noticed Robin
   861 | D:2      | Reached skill level 1 in Dodging
   861 | D:2      | Noticed Jessica
  1575 | D:2      | HP: 2/47 [poisoned by a gnoll]
  1579 | D:2      | Slain by a gnoll

Levels and vault maps discovered:
D:1:      minmay_arrival_jagged, layout_loops_cross, minmay_tiny_reverse_x
D:2:      layout_rooms, minmay_statues_item, uniq_robin, uniq_sigmund,
          uniq_jessica

Skill      XL: |  1  2  3  4  5 |
---------------+----------------+-----
Armour         | 4 |  4.7
Shields        | 4 |  4.9
Fighting       | 4 |  4.6
Long Blades    | 4 |  4.5
Dodging        | 1 |  1.1

Action                   |  1- 3 |  4- 6 || total
-------------------------+-------+-------++-------
Melee: Long sword        |    71 |    82 ||   153
       Headbutt          |     8 |     9 ||    17
  Use: Potion            |     1 |       ||     1
       Scroll            |       |     3 ||     3
  Eat: Chunk             |       |     2 ||     2
Armor: Scale mail        |    34 |    25 ||    59
       Chain mail        |       |    33 ||    33
Dodge: Dodged            |    19 |    23 ||    42
Block: Shield            |    51 |    68 ||   119
       Rpst.: Long sword |     4 |     3 ||     7

Table legend:
 A = Non-vault XP
 B = Vault XP
 C = Vault XP percentage of total XP
 D = Non-vault monster count
 E = Vault monster count
 F = Vault count percentage of total count
                 A         B        C        D         E       F
            +---------+---------+-------+---------+---------+-------
      Total |     121 |     208 |  63.2 |      55 |       7 |  11.3
            +---------+---------+-------+---------+---------+-------
        D:1 |      36 |       4 |  10.0 |      23 |       2 |   8.0
        D:2 |      85 |     204 |  70.6 |      32 |       5 |  13.5
            +---------+---------+-------+---------+---------+-------
